 Dungeon Crawl Stone Soup version 0.27-a0-103-g6cd7b45605 (webtiles) character file.

Game seed: 15958108640596493665

79 timneilson the Shield-Bearer (level 4, -6/29 HPs)
             Began as a Gargoyle Fighter on Jan 23, 2021.
             Mangled by a gnoll
             ... wielding a +0 halberd
              (12 damage)
             ... on level 2 of the Dungeon.
             The game lasted 00:01:40 (1153 turns).

timneilson the Shield-Bearer (Gargoyle Fighter)     Turns: 1153, Time: 00:01:40

Health: -6/29      AC: 11    Str: 21    XL:     4   Next: 38%
Magic:  4/4        EV:  7    Int:  8    God:
Gold:   111        SH: 10    Dex:  9    Spells: 3/3 levels left

rFire    . . .     SeeInvis .   a - +0 long sword
rCold    . . .     Faith    .   c - +1 kite shield
rNeg     + + .     Spirit   .   b - +0 scale mail
rPois    ∞         Reflect  .   (no helmet)
rElec    +         Harm     .   r - +0 cloak
rCorr    .         Rampage  .   (no gloves)
Will     .....                  (no boots)
Stlth    ..........             (no amulet)
HPRegen  0.09/turn              p - ring of positive energy
MPRegen  0.09/turn              (no ring)

@: mighty
A: negative energy resistance 1, electricity resistance, unbreathing,
petrification resistance, miasma immunity, AC +3
a: no special abilities


You were on level 2 of the Dungeon.
You visited 1 branch of the dungeon, and saw 2 of its levels.

You collected 111 gold pieces.

Inventory:

Hand Weapons
 a - a +0 long sword (weapon)
Armour
 b - a +0 scale mail (worn)
 c - a +1 kite shield (worn)
 r - a +0 cloak (worn)
Jewellery
 p - a ring of positive energy (left hand)
Scrolls
 e - 2 scrolls of enchant armour
 g - a scroll of amnesia
 h - a scroll of identify
 i - a scroll of magic mapping
Potions
 f - 2 potions of curing
 m - 2 potions of cancellation
 n - a potion of ambrosia {unknown}


   Skills:
 + Level 3.7 Fighting
 * Level 2.6 Long Blades
 * Level 4.0 Armour
 * Level 4.1 Shields


You had 3 spell levels left.
You didn't know any spells.
Your spell library was empty.

Dungeon Overview and Level Annotations

Branches:
Dungeon (2/15)

Altars:


Innate Abilities, Weirdness & Mutations

You are resistant to torment.
Your stone body is resilient. (AC +3)
You are immune to poison.
You resist negative energy. (rN+)
You are resistant to electric shocks. (rElec)
You can survive without breathing.
You are immune to petrification.
You are immune to miasma.


Message History

The gnoll hits you but does no damage.
Your Armour skill increases to level 4!
You feel very mighty all of a sudden. You block the gnoll's attack.
You block the gnoll's attack.
You slice the gnoll!!
You kill the gnoll!
The adder bites you. You block the gnoll's attack.
You closely miss the adder. The adder bites you. The gnoll barely misses you.
The adder bites you but does no damage.
You slash the adder!
The adder is severely wounded.
You block the adder's attack.
The gnoll hits you from afar with a +0 halberd.
* * * LOW HITPOINT WARNING * * *
You miss the adder.
The adder is severely wounded.
The adder bites you but does no damage. The adder closely misses you.
The gnoll hits you from afar with a +0 halberd!
You die...

#.##....#
#.##....##
#........#
#........#
#........# ##
#..(.....# #.
#........# #.
..##.#####........#
#.
....ggS@..........#
+.
...#.######.......#
#. ######.#######
#<..).... #########


You could see 2 gnolls and an adder.

Vanquished Creatures
  A hound (D:2)
  2 gnolls (D:2)
  A worm (D:2)
  2 dart slugs (D:1)
  2 giant cockroaches (D:1)
  3 goblins (D:1)
  2 hobgoblins
  3 jackals (D:2)
  A kobold (D:2)
  2 ball pythons (D:1)
  3 bats (D:1)
  A frilled lizard (D:1)
  2 rats (D:2)
25 creatures vanquished.

Notes
Turn   | Place    | Note
-------+----------+-------------------------------------------
     0 | D:1      | timneilson the Gargoyle Fighter began the quest for the
                  | Orb.
     0 | D:1      | Reached XP level 1. HP: 14/14 MP: 1/1
   184 | D:1      | Reached XP level 2. HP: 18/19 MP: 2/2
   730 | D:2      | Reached XP level 3. HP: 13/23 MP: 3/3
  1004 | D:2      | Reached XP level 4. HP: 27/28 MP: 4/4
  1153 | D:2      | Mangled by a gnoll

Illustrated notes

Levels and vault maps discovered:
D:1:      erik_arrival_orb_chamber, layout_loops_ring
D:2:      layout_basic, uniq_crazy_yiuf_cottage, uniq_robin

Skill      XL: |  1  2  3  4 |
---------------+-------------+-----
Long Blades    | 2 |  2.6
Shields        | 4 |  4.1
Armour         | 4 |  4.0
Fighting       | |  3.7

Action                   |  1- 3 |  4- 6 || total
-------------------------+-------+-------++-------
Melee: Long sword        |    84 |    15 ||    99
  Use: Scroll            |    10 |       ||    10
       Potion            |       |     1 ||     1
Armor: Scale mail        |    48 |     8 ||    56
Dodge: Dodged            |    29 |     7 ||    36
Block: Kite shield       |    39 |    13 ||    52
       Rpst.: Long sword |     5 |     1 ||     6

Table legend: (Time is in decaauts)
 A = Elapsed time spent in this place.
 B = Non-inter-level travel time spent in this place.
 C = Inter-level travel time spent in this place.
 D = Time resting spent in this place.
 E = Time spent auto-exploring this place.
 F = Levels seen in this place.
 G = Mean time per level.
                   A        B        C        D        E       F      G
               +--------+--------+--------+--------+--------+-----+--------+
         Total |   1188 |   1183 |      5 |      0 |    943 |   2 |  594.0 |
       Dungeon |   1188 |   1183 |      5 |      0 |    943 |   2 |  594.0 |
               +--------+--------+--------+--------+--------+-----+--------+

Top non-repeatable levels by time:
     D:1: 722 daAuts
     D:2: 465 daAuts
